 Dungeon Crawl Stone Soup version 0.20-a0-556-g892c87b (webtiles) character file.

2926089 bees the Metallomancer (level 27, 243/243 HPs)
             Began as a Demonspawn Artificer on Jan 23, 2017.
             Was a High Priest of Okawaru.
             Escaped with the Orb
             ... and 5 runes on Feb 5, 2017!
             The game lasted 09:34:29 (82176 turns).

bees the Metallomancer (Demonspawn Artificer)      Turns: 82176, Time: 09:34:30

Health: 243/243    AC: 25    Str: 19    XL:     27
Magic:  54/54      EV: 15    Int: 22    God:    Okawaru [*****.]
Gold:   2527       SH: 19    Dex: 17    Spells: 6/62 levels left

rFire    + . .     SeeInvis +   c - +8 double sword (elec)
rCold    . . .     Gourm    .   W - +7 scale mail "Pogrecey" {rN+++ MR+ MP+9 Stlth-}
rNeg     + + +     Faith    .   q - +5 shield {AC+3}
rPois    +         Spirit   .   h - +0 helmet "Owipax" {rElec Dex+2 Stlth+}
rElec    +         Reflect  .   F - +1 cloak
rCorr    .         Harm     .   f - +1 pair of gloves of Philately {rPois MR+ Str+2 SInv}
MR       ++++.     Rnd*Rage +   (boots unavailable)
Stlth    ++........             t - amulet of regeneration
Regen    0.9/turn               i - ring of Freedom {rF+ rN+++ Str-3 Int+3 SInv}
                                p - +5 ring of slaying

@: very slightly contaminated
A: hooves 3, rugged brown scales 3, berserk 1, deformed body, deterioration 1,
foul stench 2, nightstalker 3, strong 1, augmentation 3, rot immunity
0: Orb of Zot
}: 5/15 runes: serpentine, barnacled, slimy, silver, abyssal
a: Heroism, Finesse, Renounce Religion


You escaped.
You worshipped Okawaru.
Okawaru was extremely pleased with you.
You were not hungry.

You visited 13 branches of the dungeon, and saw 59 of its levels.
You visited the Abyss 1 time.
You visited 1 bazaar.
You also visited: Trove and Volcano.

You collected 8367 gold pieces.
You spent 5840 gold pieces at shops.

Inventory:

Hand Weapons
 a - the +8 rapier of Fortitude {freeze, rF+}
   (Okawaru gifted it to you on level 4 of the Snake Pit)

   It has been specially enchanted to freeze those struck by it, causing extra
   injury to most foes and up to half again as much damage against particularly
   susceptible opponents.
   It can also slow down cold-blooded creatures.
   It protects you from fire.
 b - the +6 rapier "Hoxick" {pierce, +Fly rPois}
   (Okawaru gifted it to you on level 14 of the Dungeon)

   It inflicts extra damage upon your enemies.
   It protects you from poison.
   It lets you fly.
 c - a +8 double sword of electrocution (weapon)
Armour
 f - the +1 pair of gloves of Philately (worn) {rPois MR+ Str+2 SInv}
   (Okawaru gifted it to you on level 12 of the Dungeon)

   It affects your strength (+2).
   It protects you from poison.
   It affects your resistance to hostile enchantments.
   It lets you see invisible.
 h - the +0 helmet "Owipax" (worn) {rElec Dex+2 Stlth+}
   (You found it in a treasure trove)

   It affects your dexterity (+2).
   It insulates you from electricity.
   It makes you more stealthy.
 q - a +5 shield of protection (worn)
 w - the +1 cloak of Pandemonium {rF- Int+6 Slay+2}
   (You acquired it on level 5 of the Lair of Beasts)

   It affects your intelligence (+6).
   It affects your accuracy and damage with ranged weapons and melee attacks
   (+2).
   It makes you vulnerable to fire.
 F - a +1 cloak (worn)
 W - the +7 scale mail "Pogrecey" (worn) {rN+++ MR+ MP+9 Stlth-}
   (Okawaru gifted it to you on level 4 of the Snake Pit)

   It renders you almost immune to negative energy.
   It affects your resistance to hostile enchantments.
   It affects your magic capacity (+9).
   It makes you less stealthy.
Jewellery
 d - an uncursed ring of protection from fire
 i - the ring of Freedom (right hand) {rF+ rN+++ Str-3 Int+3 SInv}
   (You took it off a tengu warrior on level 2 of the Depths)

   [ring of see invisible]

   It affects your strength (-3).
   It affects your intelligence (+3).
   It protects you from fire.
   It renders you almost immune to negative energy.
   It lets you see invisible.
 p - a +5 ring of slaying (left hand)
 t - an amulet of regeneration (around neck)
 B - an uncursed ring of protection from cold
 O - an uncursed ring of resist corrosion
 V - a +4 ring of slaying
 Z - the ring of Nebeinai {+Blink Str+3 Int+6}
   (You took it off a yaktaur captain on level 5 of the Vaults)

   [ring of strength]

   It affects your strength (+3).
   It affects your intelligence (+6).
   It lets you blink.
Wands
 e - a wand of disintegration (7/24)
 j - a wand of iceblast (1/15)
 o - a wand of digging (15/24)
 r - a wand of clouds (2/9)
 E - a wand of paralysis (10/24)
 G - a wand of iceblast (5/15)
 P - a wand of clouds (2/9)
 U - a wand of acid (3/15)
 Y - a wand of lightning (8/15)
Scrolls
 g - 2 scrolls of recharging
 s - 20 scrolls of teleportation
 x - 14 scrolls of identify
 I - 5 scrolls of blinking
 M - 10 scrolls of fear
 N - 9 scrolls of magic mapping
 Q - 4 scrolls of fog
 T - 3 scrolls of silence
 X - 5 scrolls of summoning
Potions
 m - 5 potions of magic
 n - 25 potions of curing
 z - 4 potions of might
 A - 7 potions of haste
 K - 4 potions of resistance
 R - 5 potions of ambrosia
 S - a potion of cancellation
Miscellaneous
 k - a fan of gales
 l - a lamp of fire
 y - a phial of floods
 H - 6 boxes of beasts
 L - a lightning rod (1/4)
Comestibles
 u - 20 meat rations
 v - 35 fruits


   Skills:
 - Level 21.1 Fighting
 - Level 14.1(16.3) Short Blades
 - Level 14.1(16.3) Long Blades
 - Level 11.6 Armour
 * Level 7.4 Dodging
 * Level 12.2 Stealth
 - Level 15.0 Shields
 + Level 18.3 Spellcasting
 - Level 15.8 Conjurations
 - Level 5.0 Necromancy
 - Level 4.2 Translocations
 - Level 12.9 Fire Magic
 * Level 21.4 Earth Magic
 - Level 10.7 Invocations
 - Level 11.7 Evocations


You had 6 spell levels left.
You knew the following spells:

 Your Spells              Type           Power        Failure   Level  Hunger
a - Stone Arrow           Conj/Erth      ######       0%          3    None
b - Animate Skeleton      Necr           N/A          1%          1    None
c - Lee's Rapid Deconstr  Erth           ########..   1%          5    None
d - Sticky Flame          Conj/Fire      ########     1%          4    None
e - Conjure Flame         Conj/Fire      ########     1%          3    None
f - Bolt of Fire          Conj/Fire      ########..   2%          6    ####...
g - Regeneration          Chrm/Necr      ######....   8%          3    None
h - Summon Butterflies    Summ           #####...     8%          1    None
i - Fireball              Conj/Fire      ########..   1%          5    None
j - Bolt of Magma         Conj/Fire/Erth ########..   1%          5    None
k - Iron Shot             Conj/Erth      ########..   1%          6    ####...
l - Blink                 Tloc           N/A          1%          2    None
m - Spectral Weapon       Hex/Chrm       #####...     21%         3    None
n - Shatter               Erth           ########..   88%         9    #######


Dungeon Overview and Level Annotations

Branches:
Dungeon (15/15)            Temple (1/1) D:7            Lair (6/6) D:9
 Shoals (4/4) Lair:3        Snake (4/4) Lair:2        Slime (5/5) Lair:5
    Orc (2/2) D:11            Elf (3/3) Orc:2        Vaults (5/5) D:14
  Crypt (3/3) Vaults:2       Tomb (0/3) Crypt:3      Depths (5/5) D:15
   Hell (1/1)                 Zot (5/5) Depths:5
    Dis: Hell:1         Geh: Hell:1         Coc: Hell:1         Tar: Hell:1

Altars:
Ashenzari
Cheibriados
Dithmenos
Elyvilon
Fedhas
Gozag
Hepliaklqana
Kikubaaqudgha
Makhleb
Nemelex Xobeh
Okawaru
Qazlal
Ru
Sif Muna
Trog
Uskayaw
Vehumet
Xom
Yredelemnul
Zin
The Shining One
Beogh
Jiyva

Shops:
D:4 [   D:5 [   D:9 :}!   D:10 [   D:13 (   Orc:1 *   Orc:2 }?[(*   Elf:1 =
Shoals:1 =   Shoals:4 }   Vaults:1 (   Vaults:2 [   Vaults:3 %   Vaults:4 [

Portals:
Hell: Depths:1 Depths:2 Depths:3 Depths:4 Depths:5
Abyss: Depths:3 Depths:4
Pandemonium: Depths:3 Depths:4 Depths:5
Ziggurat: Depths:1

Annotations:
D:5 Dowan
D:10 exclusion: ice statue
Elf:2 3 runed doors
Hell Geryon


Innate Abilities, Weirdness & Mutations

You have hooves in place of feet.
You are completely covered in rugged brown scales. (AC +3, +7% HP)
You frequently emit foul miasma when damaged in melee.
You are completely attuned to the shadows.
Your magical and physical power is greatly enhanced at high health.
You are immune to rotting.
You tend to lose your temper in combat.
Armour fits poorly on your strangely shaped body.
Your body sometimes deteriorates upon taking damage.
Your muscles are strong. (Str +2)


Message History

(D) Dungeon (T) Temple (L) Lair (A) Shoals (P) Snake Pit (M) Slime Pits (O) Orcish Mines (E) Elven Halls (V) Vaults (C) Crypt (W) Tomb (U) Depths (H) Hell (Z) Zot
Where to? (Enter - D:2 @ (x,y), ? - help)
There is a stone staircase leading up here.
You climb upwards.
An adder comes into view.
There is a stone staircase leading down here.
You catch the helpless adder completely off-guard!
You cut the adder into ribbons!!!!
You kill the adder!
You see here a club.
There is an open door here.
You see here a club.
There is an open door here.
A bat comes into view.
There is a staircase leading out of the dungeon here.
You block the bat's attack.
You have escaped!

......####...#
....#.####...######
....#..#......)...##
....##.#.########..##
....##...#####......#
....##.......##≈≈#'.#
....##.#.....#....#.#
.#+###.#.....≈..b.≈.#
.#.###.#.....≈.⌠@.≈.#
.'.....#.....≈....≈.#
.#.##..#.....#....#.#
##.##..###§≈###≈≈####
#.##...#....#.....#
##.##...≈....≈.§...#
....#...≈..⌠.≈.....#
##..#...≈....≈.....#
........#(...#.....###


You could see a bat.

Vanquished Creatures
  the Royal Jelly (Slime:5)
  Dissolution (Slime:1)
  8 orbs of fire
  8 ancient liches
  Mennas (Depths:5)
  Bai Suzhen (Elf:3)
  Margery (Crypt:1)
  Xtahua (Crypt:2)
  A pandemonium lord (D:3)
  4 caustic shrikes (Depths:2)
  Frederick (Depths:4)
  The ghost of HallandMoats the Slayer, a veteran MiFi of Okawaru (Depths:3)
  Saint Roka (Elf:3)
  2 Killer Klowns (Zot:5)
  3 curse toes
  9 golden dragons
  A bone dragon (Depths:5)
  Rupert (D:13)
  Jorgrun (Shoals:4)
  A Brimstone Fiend (Zot:4)
  4 liches
  3 electric golems
  25 Orb Guardians
  13 tentacled monstrosities
  A Hell Sentinel (Abyss:3)
  Asterion (Elf:2)
  2 deep elf master archers (Elf:3)
  6 quicksilver dragons
  2 deep elf blademasters (Elf:3)
  5 titans
  5 death cobs
  5 tentacled starspawn (Abyss:3)
  3 krakens (Shoals:4)
  8 tengu reavers
  23 acid blobs
  2 sphinxes
  Roxanne (Elf:3)
  Ilsuiw (Shoals:4)
  15 storm dragons
  3 revenants
  Donald (Shoals:4)
  8 fire giants
  10 shadow dragons
  4 draconian monks
  10 nagarajas
  2 draconian scorchers
  4 draconian knights
  13 frost giants
  Louise (Elf:1)
  10 azure jellies
  6 deep elf sorcerers
  An orc warlord (Orc:2)
  A balrug (Depths:2)
  18 vault wardens
  3 iron dragons
  4 draconian stormcallers
  The ghost of yesno the Sorcerer, an adept DECj of Vehumet (Snake:4)
  4 ghost moths
  3 curse skulls (Crypt:3)
  A draconian shifter (Zot:1)
  5 ghouls
  6 deep elf elementalists
  16 stone giants
  3 war gargoyles
  8 reapers
  2 entropy weavers (Vaults:5)
  15 very ugly things
  3 draconian annihilators
  15 ironheart preservers
  9 green draconians
  7 vampire knights
  Nessos (Lair:4)
  10 deep elf demonologists
  3 spark wasps (Depths:4)
  10 red draconians
  5 black draconians
  13 deep elf annihilators
  8 yellow draconians
  8 white draconians
  9 purple draconians
  A dire elephant (D:15)
  4 merfolk javelineers
  9 deep elf death magi
  6 eidola (Crypt:3)
  A mummy priest (Crypt:3)
  A blizzard demon (Depths:2)
  17 ettins
  7 merfolk impalers
  13 jiangshi
  8 deep elf high priests
  A green death (Depths:3)
  8 fire dragons
  3 quicksilver dragon zombies (Crypt:3)
  15 yaktaur captains
  Erolcha (D:13)
  6 rakshasas
  32 vault guards
  15 great orbs of eyes
  9 death oozes
  14 naga warriors
  A quicksilver dragon skeleton (Crypt:3)
  9 hydras
  14 ice dragons
  A catoblepas (shapeshifter) (Elf:3)
  Erica (D:11)
  13 anacondas
  5 merfolk avatars
  12 centaur warriors
  2 spriggan air magi (Depths:2)
  12 dancing weapons
  50 two-headed ogres
  3 death knights
  3 satyrs
  14 deep troll shamans
  17 ogre magi
  18 tengu warriors
  7 merfolk aquamancers
  4 shock serpents
  7 spriggan berserkers
  7 vampire magi
  13 deep troll earth magi
  A shock serpent (shapeshifter) (Vaults:2)
  6 thrashing horrors
  Urug (Lair:4)
  Sonja (D:11)
  11 naga sharpshooters
  16 deep elf knights
  15 hell knights
  5 hell hogs (Abyss:3)
  6 sun demons
  2 orc high priests (Orc:2)
  4 titan zombies
  64 slime creatures
  9 soul eaters
  15 skeletal warriors
  6 salamander mystics
  2 quicksilver dragon simulacra (Depths:2)
  3 wretched stars (Abyss:3)
  5 sea snakes
  2 spatial maelstroms (Abyss:3)
  The ghost of sand the Carver, a novice TeWr of Okawaru (D:7)
  7 iron trolls
  4 storm dragon skeletons
  8 unseen horrors
  5 shadow wraiths
  39 deep trolls
  A ghost moth zombie (Crypt:3)
  9 flayed ghosts
  22 harpies
  9 glowing orange brains
  12 phantasmal warriors
  7 orc knights
  3 wizards
  10 naga ritualists
  A harpy (shapeshifter) (Vaults:4)
  39 ugly things
  17 deep elf archers
  20 ironbrand convokers
  8 mana vipers
  2 wolf spider zombies
  A golden dragon skeleton (Crypt:3)
  22 necromancers
  A statue (Abyss:1)
  74 deep elf magi
  A stone giant zombie (Vaults:1)
  An iron dragon zombie (Crypt:3)
  6 shining eyes
  12 fauns
  3 fire giant zombies
  7 wolf spiders
  2 tengu skeletons
  13 cyclopes
  7 manticores
  3 orc sorcerers
  3 iron dragon skeletons (Crypt:3)
  14 salamanders
  4 human zombies
  20 moths of wrath
  A worldbinder (Abyss:3)
  A sphinx skeleton (Vaults:2)
  A fire giant skeleton (Vaults:4)
  4 guardian serpents
  2 frost giant skeletons
  5 centaur zombies
  12 merfolk sirens
  8 elephants
  4 large abominations (Abyss:3)
  Joseph (D:8)
  16 vault sentinels
  6 rust devils (Depths:2)
  A titan simulacrum (Vaults:3)
  43 black mambas
  Maurice (D:11)
  3 eyes of devastation
  An ice statue (Depths:2)
  4 water nymphs
  4 apocalypse crabs (Abyss:3)
  2 gargoyles
  An orange demon (Depths:3)
  14 human skeletons
  25 naga magi
  A grey draconian zombie (Crypt:1)
  5 torpor snails (Lair:5)
  A dire elephant zombie (Crypt:3)
  A guardian serpent (shapeshifter) (Vaults:1)
  A spiny frog (shapeshifter) (Vaults:3)
  7 smoke demons
  19 spiny frogs
  A yaktaur (shapeshifter) (Vaults:4)
  5 komodo dragons
  A kobold demonologist (D:9)
  A pale draconian zombie (Crypt:1)
  14 freezing wraiths
  A purple draconian zombie (Crypt:2)
  6 rime drakes
  3 yaktaur skeletons
  4 ice devils
  2 demonic crawlers (Abyss:3)
  A guardian mummy (Crypt:3)
  13 merfolk
  2 hydra zombies (Crypt:3)
  75 yaktaurs
  15 hellwings
  A purple draconian skeleton (Crypt:1)
  A death yak skeleton (Crypt:2)
  6 tengu conjurers
  4 ancient zymes (Abyss:3)
  8 wind drakes
  6 red devils (Depths:2)
  2 harpy zombies (Crypt:3)
  6 trolls
  5 jumping spiders
  A silent spectre (Abyss:3)
  A tyrant leech (Lair:6)
  4 hornets (Depths:4)
  16 blink frogs
  A raiju (shapeshifter) (Elf:1)
  A tengu simulacrum (Vaults:5)
  5 bog bodies
  2 human simulacra
  13 raiju
  6 dream sheep
  2 hippogriffs (shapeshifter)
  A meliai zombie (D:11)
  An ettin zombie (Crypt:3)
  An ice dragon zombie (Crypt:3)
  16 hippogriffs
  10 snapping turtles
  Sigmund (D:5)
  6 spriggans
  3 stone giant simulacra
  11 flying skulls
  5 shadows
  7 redbacks
  An ice dragon skeleton (Crypt:3)
  14 wraiths
  18 water elementals
  A vampire (D:14)
  2 ynoxinuls
  A centaur simulacrum (D:14)
  A spriggan (shapeshifter) (Elf:2)
  15 starcursed masses (Abyss:3)
  8 air elementals
  12 wyverns
  45 yaks
  6 fire bats (Volcano)
  A fire dragon skeleton (Crypt:3)
  An ushabti (Crypt:3)
  2 fire elementals (Elf:1)
  Grum (D:8)
  6 basilisks
  3 ettin skeletons
  A fire bat (shapeshifter) (Depths:4)
  8 golden eyes
  9 vampire mosquitoes
  3 steam dragons (Volcano)
  2 neqoxecs (Abyss:3)
  A chaos spawn (Abyss:3)
  A redback simulacrum (D:14)
  A spatial vortex (Abyss:3)
  2 wargs (Orc:2)
  2 wargs (shapeshifter)
  3 acid dragons
  12 water moccasins
  A soldier ant (D:11)
  Duvessa (D:5)
  A floating eye (Abyss:3)
  51 nagas
  8 porcupines
  4 hell hounds
  3 phantoms
  A swamp drake (shapeshifter) (Depths:4)
  A deep troll skeleton (Vaults:2)
  39 orc warriors
  A sky beast (shapeshifter) (Vaults:5)
  38 ogres
  5 ice beasts
  3 black bears
  An ice dragon simulacrum (Vaults:1)
  A snapping turtle zombie (Crypt:2)
  4 ettin simulacra
  A manticore zombie (Crypt:1)
  6 necrophages
  21 boggarts
  3 eyes of draining
  A hornet zombie (D:13)
  4 sky beasts
  20 centaurs
  4 wolves (D:8)
  An ogre (shapeshifter) (Depths:1)
  16 crocodiles
  12 big kobolds
  A rime drake zombie (Crypt:1)
  An elf zombie (Crypt:1)
  2 earth elementals
  A yaktaur zombie (Vaults:1)
  The ghost of fooot the Sneak, an amateur SpEn (D:3)
  27 bullfrogs
  2 wyvern zombies
  A hippogriff skeleton (Crypt:2)
  9 wyvern skeletons
  5 scorpions
  A cyclops skeleton (Crypt:2)
  An orc simulacrum (Vaults:1)
  3 killer bees (D:11)
  A vampire bat (D:7)
  12 wights
  4 electric eels
  4 howler monkeys
  10 crimson imps
  8 hounds
  A quasit (Depths:1)
  A hound (shapeshifter) (Vaults:4)
  16 jellies
  44 orc wizards
  Crazy Yiuf (D:3)
  3 bullfrog zombies
  27 orc priests
  3 iron imps
  4 bullfrog skeletons
  4 centaur skeletons
  2 iguanas
  4 worker ants
  Natasha (D:3)
  A basilisk skeleton (Crypt:1)
  6 hell rats
  An ogre zombie (Crypt:1)
  3 small abominations (Abyss:3)
  2 naga skeletons
  2 hound skeletons
  A hound zombie (D:11)
  3 mummies
  17 adders
  5 shadow imps
  A steam dragon skeleton (Crypt:1)
  An iguana zombie (Crypt:2)
  2 oozes
  4 worms
  5 dart slugs
  6 leopard geckos
  111 orcs
  5 bats
  4 bat skeletons
  2 bat zombies (D:7)
  3 giant cockroaches
  6 goblins
  6 hobgoblins
  13 jackals
  9 quokkas
  4 ball pythons
  A ball python skeleton (D:6)
  5 frilled lizards
  20 kobolds
  7 rats
  A butterfly (Lair:5)
  A fire vortex (Abyss:3)
  4 plants
  5 starspawn tentacles (Abyss:3)
  4 tentacles (Shoals:4)
  3 withered plants (Crypt:3)
2819 creatures vanquished.

Vanquished Creatures (collateral kills)
  Sojobo (Vaults:4)
  An Orb Guardian (Zot:5)
  3 titans
  A shadow dragon (Vaults:5)
  2 storm dragons
  A draconian knight (Zot:2)
  A deep elf sorcerer (Vaults:5)
  2 frost giants
  The ghost of koshka the Cleaver, a journeyman TrBe of Trog (Lair:6)
  A deep elf elementalist (Elf:3)
  2 ironheart preservers
  3 very ugly things
  An entropy weaver (Vaults:1)
  2 stone giants
  A black draconian (Depths:5)
  A deep elf demonologist (Elf:3)
  An ettin (Vaults:5)
  3 yaktaur captains
  A deep elf high priest (Vaults:5)
  3 vault guards
  3 naga warriors
  4 hydras
  2 ice dragons
  A centaur warrior (D:15)
  An ogre mage (D:14)
  An anaconda (Snake:4)
  4 two-headed ogres
  A death knight (D:14)
  A deep troll shaman (Vaults:4)
  A deep troll earth mage (Depths:4)
  A soul eater (Depths:2)
  3 tengu warriors (Depths:2)
  A naga sharpshooter (Snake:4)
  2 spriggan berserkers
  2 skeletal warriors (Vaults:2)
  A sea snake (Shoals:3)
  A deep troll (Depths:3)
  An ironbrand convoker (Vaults:2)
  A harpy (Vaults:3)
  A naga ritualist (Snake:4)
  Pikel (D:5)
  A necromancer (Vaults:1)
  An orc sorcerer (Orc:1)
  A deep elf mage (Elf:1)
  A wolf spider (Vaults:5)
  A manticore (Shoals:4)
  A frost giant zombie (Vaults:2)
  2 salamanders
  3 moths of wrath
  An elephant (Lair:3)
  2 merfolk sirens
  2 rust devils (Depths:2)
  A black mamba (Snake:3)
  4 naga magi
  5 spiny frogs
  A rime drake (Lair:2)
  3 yaktaurs
  A komodo dragon (Lair:6)
  2 tyrant leeches (Lair:6)
  A wind drake (Shoals:4)
  A jumping spider (Vaults:1)
  3 merfolk
  2 blink frogs
  2 dream sheep
  2 slime creatures
  A wraith (Depths:2)
  A flying skull (Depths:2)
  2 water elementals (Shoals:3)
  A fire bat (Volcano)
  5 yaks
  A wyvern (Volcano)
  A steam dragon (Volcano)
  2 vampire mosquitoes
  4 nagas
  A porcupine (Lair:2)
  2 water moccasins
  3 orc warriors (Orc:2)
  3 ogres
  A centaur (Vaults:1)
  2 boggarts
  A crocodile (Lair:2)
  A bullfrog (Lair:6)
  2 electric eels (Lair:6)
  An orc priest (D:11)
  An orc wizard (D:11)
  A hell rat (Hell)
  6 orcs
  2 fungi
  7 plants
  3 tentacles (Shoals:4)
165 creatures vanquished.

Vanquished Creatures (others)
  A merfolk aquamancer (Shoals:1)
  A shadow dragon zombie (Vaults:5)
  A harpy (Vaults:1)
  A tengu conjurer (D:11)
  5 dream sheep (Lair:1)
  A small abomination (D:3)
  An ettin simulacrum (Depths:2)
  A slave (D:5)
  A big kobold (D:9)
  An orc wizard (D:5)
  4 ball lightnings (Snake:4)
  2 orcs (D:5)
  A bush (Lair:6)
  19 fungi
  48 plants
  7 starspawn tentacles (Abyss:3)
  33 tentacles (Shoals:4)
  8 withered plants (Crypt:3)
136 creatures vanquished.

Grand Total: 3120 creatures vanquished

Notes
Turn   | Place    | Note
-------+----------+-------------------------------------------
     0 | D:1      | bees the Demonspawn Artificer began the quest for the Orb.
     0 | D:1      | Reached XP level 1. HP: 15/15 MP: 3/3
    25 | D:1      | Reached skill level 1 in Short Blades
   400 | D:1      | Gained mutation: You have large cloven feet. [demonic ancestry]
   400 | D:1      | Reached XP level 2. HP: 21/21 MP: 4/4
   878 | D:1      | Reached XP level 3. HP: 26/26 MP: 5/5
  1455 | D:2      | Found a white marble altar of Elyvilon.
  1511 | D:2      | Found a glowing silver altar of Zin.
  1905 | D:2      | Reached XP level 4. HP: 30/32 MP: 6/6
  2248 | D:3      | Learned a level 1 spell: Animate Skeleton
  2479 | D:3      | Noticed fooot's ghost (amateur SpEn)
  2491 | D:3      | Killed fooot's ghost
  2491 | D:3      | Gained mutation: You have hoof-like feet. [demonic ancestry]
  2491 | D:3      | Reached XP level 5. HP: 37/37 MP: 7/7
  2492 | D:3      | HOW USEFUL
  2541 | D:3      | I always wanted to not be able to wear boots
  2736 | D:3      | Found a runed door.
  3037 | D:3      | Noticed Crazy Yiuf
  3048 | D:3      | Killed Crazy Yiuf
  3048 | D:3      | Reached skill level 5 in Short Blades
  3187 | D:4      | Noticed Natasha
  3199 | D:3      | Killed Natasha
  3402 | D:4      | Gained mutation: You are partially covered in rugged brown scales. (AC +1, +3% HP) [demonic ancestry]
  3402 | D:4      | Reached XP level 6. HP: 30/44 MP: 8/8
  3527 | D:4      | Found a blossoming altar of Fedhas.
  3728 | D:4      | Reached skill level 1 in Armour
  3767 | D:4      | Found a blossoming altar of Fedhas.
  3787 | D:3      | Found a shimmering altar of Xom.
  3884 | D:4      | Found a glowing golden altar of the Shining One.
  3927 | D:4      | Found Eshaec's Antique Armour Shoppe.
  4020 | D:5      | Entered Level 5 of the Dungeon
  4077 | D:5      | Reached skill level 1 in Spellcasting
  4114 | D:5      | Noticed Pikel
  4114 | D:5      | Noticed a slave
  4114 | D:5      | Noticed a slave
  4115 | D:5      | Noticed a slave
  4116 | D:5      | Noticed a slave
  4131 | D:5      | Killed Pikel
  4131 | D:5      | Reached XP level 7. HP: 36/49 MP: 9/9
  4132 | D:5      | Found Dedghun's Armour Emporium.
  4406 | D:5      | Noticed Sigmund
  4425 | D:5      | Killed Sigmund
  4425 | D:5      | Reached XP level 8. HP: 54/55 MP: 9/11
  4706 | D:5      | Noticed Dowan
  4708 | D:5      | Noticed Duvessa
  4777 | D:5      | Killed Duvessa
  4898 | D:5      | Found an iron altar of Okawaru.
  4920 | D:5      | Became a worshipper of Warmaster Okawaru
  5842 | D:4      | Bought a pearl-encrusted chain mail for 285 gold pieces
  5852 | D:4      | Identified the +4 chain mail of Icvampa {Regen+ SInv} (You bought it in a shop on level 4 of the Dungeon)
  6378 | D:7      | Found a staircase to the Ecumenical Temple.
  6392 | D:7      | Noticed sand's ghost (novice TeWr)
  6663 | D:7      | Killed sand's ghost
  6663 | D:7      | Reached * piety under Okawaru
  6663 | D:7      | Reached ** piety under Okawaru
  6663 | D:7      | Reached XP level 9. HP: 57/60 MP: 12/14
  6688 | Temple   | Entered the Ecumenical Temple
  7054 | D:7      | Found an ancient bone altar of Kikubaaqudgha.
  7410 | D:8      | Found a snail-covered altar of Cheibriados.
  7503 | D:8      | Reached skill level 1 in Invocations
  7697 | D:8      | Reached skill level 10 in Short Blades
  7785 | D:8      | Noticed Grum
  7831 | D:8      | Killed Grum
  7831 | D:8      | Reached *** piety under Okawaru
  7831 | D:8      | Reached skill level 5 in Armour
  7894 | D:8      | Found a hazy altar of Hepliaklqana.
  7926 | D:8      | Got a smoking leather armour
  8020 | D:8      | Identified the +7 leather armour of the Known World {Str+4} (You found it on level 8 of the Dungeon)
  8288 | D:8      | Gained mutation: You are immune to rotting. [demonic ancestry]
  8288 | D:8      | Reached XP level 10. HP: 69/69 MP: 15/15
  8351 | D:8      | Noticed Joseph
  8372 | D:8      | Killed Joseph
  8565 | D:9      | Found Maorph's Distillery.
  8565 | D:9      | Noticed a two-headed ogre
  8578 | D:9      | Killed a two-headed ogre
  8578 | D:9      | Reached **** piety under Okawaru
  8592 | D:9      | Found a shimmering altar of Xom.
  8678 | D:9      | Found a burning altar of Makhleb.
  8988 | D:9      | Noticed a hand axe
  8988 | D:9      | Noticed a dagger
  8989 | D:9      | Found a hide-covered altar of Uskayaw.
  9061 | D:9      | Found Berefad's Book Shoppe.
  9106 | D:9      | Found Cyon's Gadget Shop.
  9315 | D:9      | Noticed an orange demon
  9322 | D:9      | Reached skill level 1 in Necromancy
  9324 | D:9      | Reached ***** piety under Okawaru
  9426 | D:9      | Found a staircase to the Lair.
  9436 | Lair:1   | Entered Level 1 of the Lair of Beasts
  9685 | Lair:1   | Reached XP level 11. HP: 62/79 MP: 16/16
  9845 | Lair:1   | Reached skill level 5 in Invocations
 10412 | Lair:1   | Found a shimmering altar of Xom.
 10622 | Lair:1   | Reached skill level 5 in Fighting
 10733 | Lair:2   | Found a staircase to the Snake Pit.
 10750 | Lair:1   | Reached skill level 1 in Shields
 10798 | Lair:2   | Reached ****** piety under Okawaru
 10849 | Lair:2   | Received a gift from Okawaru
 10953 | Lair:2   | Learned a level 3 spell: Stone Arrow
 11021 | Lair:2   | Reached skill level 1 in Conjurations
 11528 | Lair:2   | Noticed a seven-headed hydra
 11535 | Lair:2   | Killed a seven-headed hydra
 11985 | Lair:3   | Reached skill level 5 in Evocations
 12117 | Lair:3   | Gained mutation: You are mostly covered in rugged brown scales. (AC +2, +5% HP) [demonic ancestry]
 12117 | Lair:3   | Reached XP level 12. HP: 68/90 MP: 13/17
 12252 | Lair:3   | Received a gift from Okawaru
 12257 | Lair:3   | Found a staircase to the Shoals.
 12699 | Lair:3   | Upgraded the game from 0.20-a0-514-g839ffe0 to 0.20-a0-517-g5f97612
 12914 | Lair:3   | Got a polished glaive
 13023 | Lair:4   | Found a dark tunnel.
 13033 | Volcano  | Entered a volcano
 13092 | Volcano  | Reached skill level 5 in Shields
 13121 | Volcano  | Noticed a two-headed ogre
 13131 | Volcano  | Noticed a two-headed ogre
 13133 | Volcano  | Killed a two-headed ogre
 13138 | Volcano  | Killed a two-headed ogre
 13138 | Volcano  | Reached skill level 1 in Earth Magic
 13153 | Volcano  | Reached skill level 5 in Conjurations
 13258 | Volcano  | Received a gift from Okawaru
 13288 | Volcano  | Noticed a two-headed ogre
 13297 | Volcano  | Killed a two-headed ogre
 13347 | Volcano  | Noticed a fire dragon
 13365 | Volcano  | Killed a fire dragon
 13460 | Volcano  | Reached skill level 5 in Dodging
 14075 | Lair:4   | Reached skill level 10 in Invocations
 14101 | Lair:4   | Received a gift from Okawaru
 14220 | Lair:4   | Noticed Nessos
 14251 | Lair:4   | Noticed Urug
 14259 | Lair:4   | Gained mutation: You may emit foul miasma when damaged in melee. [demonic ancestry]
 14259 | Lair:4   | Reached XP level 13. HP: 95/95 MP: 14/20
 14273 | Lair:4   | Killed Nessos
 14290 | Lair:4   | Killed Urug
 14919 | Lair:5   | Identified a scroll of acquirement
 14920 | Lair:5   | Got a spiked cloak
 14931 | Lair:5   | Identified the +1 cloak of Pandemonium {rF- Int+6 Slay+2} (You acquired it on level 5 of the Lair of Beasts)
 15406 | Lair:5   | Found a sacrificial altar of Ru.
 15547 | Lair:5   | Found a staircase to the Slime Pits.
 15751 | Lair:5   | Received a gift from Okawaru
 15848 | Lair:5   | Reached skill level 5 in Earth Magic
 15864 | Lair:5   | Found a snail-covered altar of Cheibriados.
 16390 | Lair:1   | Learned a level 5 spell: Lee's Rapid Deconstruction
 16477 | Lair:6   | Entered Level 6 of the Lair of Beasts
 16820 | Lair:6   | Received a gift from Okawaru
 16914 | Lair:6   | Noticed koshka's ghost (journeyman TrBe)
 16962 | Lair:6   | Killed koshka's ghost
 17100 | Lair:6   | Upgraded the game from 0.20-a0-517-g5f97612 to 0.20-a0-522-g0b37eee
 17440 | Lair:6   | Gained mutation: You have hooves in place of feet. [demonic ancestry]
 17440 | Lair:6   | Reached XP level 14. HP: 111/111 MP: 8/22
 17466 | Lair:6   | all of my dreams have come true
 17503 | Lair:6   | you can call me Goat Legs now
 17570 | Lair:6   | Received a gift from Okawaru
 17571 | Lair:6   | Got a dull robe {god gift}
 17581 | Lair:6   | Upgraded the game from 0.20-a0-522-g0b37eee to 0.20-a0-531-g6a4a307
 18387 | D:10     | Entered Level 10 of the Dungeon
 18553 | D:10     | argh
 18914 | D:10     | Found Den Poff's Armour Shop.
 19252 | D:11     | Found a portal to a secret trove of treasure.
 19342 | D:9      | Bought a potion of agility for 52 gold pieces
 19342 | D:9      | Bought a potion of agility for 52 gold pieces
 19342 | D:9      | Bought a potion of agility for 52 gold pieces
 19406 | D:11     | You paid a toll of 7 potions of agility to enter a treasure trove
 19407 | Trove    | Entered a treasure trove
 19433 | Trove    | Got a distressingly furry helmet
 19460 | Trove    | Got a glittering tin amulet
 19468 | Trove    | Identified the amulet of Ashenzari's Whim {+Rage SInv} (You found it in a treasure trove)
 19492 | Trove    | Gained mutation: Your muscles are strong. (Str +2) [potion of beneficial mutation]
 19504 | Trove    | Identified the cursed +0 helmet "Owipax" {rElec Dex+2 Stlth+} (You found it in a treasure trove)
 19840 | D:11     | Noticed Maurice
 19857 | D:11     | Killed Maurice
 20059 | D:11     | Found a staircase to the Orcish Mines.
 20159 | Orc:1    | Entered Level 1 of the Orcish Mines
 20471 | Orc:1    | Found Bberghogg's Bounteous Boutique.
 20741 | Orc:2    | Entered Level 2 of the Orcish Mines
 20780 | Orc:2    | Found a staircase to the Elven Halls.
 20846 | Orc:2    | Found Laysiqi's General Store.
 20872 | Orc:2    | Bought a +2 cloak of poison resistance for 259 gold pieces
 21001 | Orc:2    | Found a roughly hewn altar of Beogh.
 21164 | Orc:2    | Found a roughly hewn altar of Beogh.
 21184 | Orc:2    | Found Yhoigac's Gadget Boutique.
 21300 | Orc:2    | Noticed an orc warlord
 21391 | Orc:2    | Reached skill level 10 in Fighting
 21424 | Orc:2    | Killed an orc warlord
 21504 | Orc:2    | Received a gift from Okawaru
 21524 | Orc:2    | Found Elamaet's Antique Armour Shop.
 21527 | Orc:2    | Found a roughly hewn altar of Beogh.
 21530 | Orc:2    | Found Ruol's Antique Weapon Boutique.
 21548 | Orc:2    | Bought a spiked ring mail for 270 gold pieces
 21548 | Orc:2    | Bought a shimmering ring mail for 270 gold pieces
 21548 | Orc:2    | Bought a pair of embroidered gloves for 315 gold pieces
 21558 | Orc:2    | Identified the +1 ring mail of Ladders and Snakes {Str+6 Dex-2 Stlth+} (You bought it in a shop on level 2 of the Orcish Mines)
 21568 | Orc:2    | Identified the +2 ring mail of Heresy {rF+ Int+2} (You bought it in a shop on level 2 of the Orcish Mines)
 21690 | Orc:2    | Found a roughly hewn altar of Beogh.
 21706 | Orc:2    | Found Ginoytug's Magic Scroll Boutique.
 22414 | D:11     | Noticed Erica
 22428 | D:11     | Killed Erica
 22498 | D:11     | Noticed Sonja
 22529 | D:11     | Killed Sonja
 23088 | D:12     | Received a gift from Okawaru
 23090 | D:12     | Got a pair of transparent gloves {god gift}
 23101 | D:12     | Identified the +1 pair of gloves of Philately {rPois MR+ Str+2 SInv} (Okawaru gifted it to you on level 12 of the Dungeon)
 23508 | D:13     | Noticed Rupert
 23526 | D:13     | Killed Rupert
 23526 | D:13     | Reached XP level 15. HP: 95/122 MP: 21/23
 23898 | D:13     | Found Zuadas's Weapon Boutique.
 24327 | D:13     | Noticed Erolcha
 24368 | D:13     | Killed Erolcha
 25070 | Elf:1    | Entered Level 1 of the Elven Halls
 26196 | D:14     | Reached skill level 10 in Shields
 26623 | D:14     | Learned a level 4 spell: Sticky Flame
 26716 | D:14     | Found a gate to the Vaults.
 26750 | D:14     | Received a gift from Okawaru
 27331 | D:14     | Received a gift from Okawaru
 27651 | D:15     | Entered Level 15 of the Dungeon
 27985 | D:15     | Gained mutation: You are slightly more attuned to the shadows. [demonic ancestry]
 27985 | D:15     | Reached XP level 16. HP: 132/132 MP: 22/24
 28037 | D:15     | Received a gift from Okawaru
 28038 | D:15     | Got an agate-encrusted scale mail {god gift}
 28085 | D:15     | Identified the +1 scale mail of Vecoiblo {+Blink Str-4 Dex+5 SInv} (Okawaru gifted it to you on level 15 of the Dungeon)
 28160 | D:15     | Found a staircase to the Depths.
 28689 | Snake:1  | Entered Level 1 of the Snake Pit
 28900 | Snake:1  | Reached skill level 1 in Stealth
 30570 | Snake:3  | Received a gift from Okawaru
 30830 | D:14     | Got an iridescent rapier {god gift}
 30831 | D:14     | Identified the +6 rapier "Hoxick" {pierce, +Fly rPois} (Okawaru gifted it to you on level 14 of the Dungeon)
 30999 | Lair:1   | Upgraded the game from 0.20-a0-531-g6a4a307 to 0.20-a0-537-g052e6ba
 31563 | Snake:3  | Received a gift from Okawaru
 31658 | Snake:3  | Reached skill level 5 in Stealth
 32743 | Snake:4  | Entered Level 4 of the Snake Pit
 32745 | Snake:4  | Reached XP level 17. HP: 139/139 MP: 25/25
 32793 | Snake:4  | Received a gift from Okawaru
 32833 | Snake:4  | Got a warped scale mail {god gift}
 32863 | Snake:3  | Identified the +7 scale mail "Pogrecey" {rN+++ MR+ MP+9 Stlth-} (Okawaru gifted it to you on level 4 of the Snake Pit)
 34080 | Snake:4  | Noticed yesno's ghost (adept DECj)
 34143 | Snake:4  | Killed yesno's ghost
 34358 | Snake:4  | Received a gift from Okawaru
 34359 | Snake:4  | Got an ivory rapier {god gift}
 34650 | Snake:4  | Reached skill level 10 in Earth Magic
 34843 | Snake:4  | Got a serpentine rune of Zot
 35240 | Lair:1   | Identified the +8 rapier of Fortitude {freeze, rF+} (Okawaru gifted it to you on level 4 of the Snake Pit)
 35404 | Vaults:1 | Entered Level 1 of the Vaults
 35490 | Vaults:1 | Reached skill level 10 in Evocations
 35574 | Vaults:1 | Received a gift from Okawaru
 35582 | Vaults:1 | Got a brightly glowing dagger {god gift}
 35623 | Vaults:1 | Reached XP level 18. HP: 145/145 MP: 26/26
 35683 | Vaults:1 | Learned a level 3 spell: Conjure Flame
 35687 | Vaults:1 | Learned a level 3 spell: Mephitic Cloud
 35831 | Vaults:1 | Reached skill level 15 in Shields
 36265 | Vaults:1 | Received a gift from Okawaru
 36852 | Vaults:1 | Found Qefomali's Weapon Boutique.
 37802 | Vaults:2 | Received a gift from Okawaru
 37803 | Vaults:2 | Got an ichor-stained quick blade {god gift}
 37808 | Vaults:2 | Identified the +7 quick blade "Yji Udic" {pain, *Drain MR++ Str+9} (Okawaru gifted it to you on level 2 of the Vaults)
 37908 | Vaults:2 | Found a staircase to the Crypt.
 38453 | Vaults:2 | Received a gift from Okawaru
 38489 | Vaults:2 | Got an encrusted short sword {god gift}
 38490 | Vaults:2 | Identified the +11 dagger of Analysis {pierce, rPois Int+5} (Okawaru gifted it to you on level 1 of the Vaults)
 38491 | Vaults:2 | Identified the +2 short sword "Imievip" {pierce, rF+ Int+3} (Okawaru gifted it to you on level 2 of the Vaults)
 38637 | Vaults:2 | Found Icre's Antique Armour Boutique.
 38725 | Vaults:2 | Reached skill level 5 in Necromancy
 39397 | Vaults:3 | Found Bixa's Food Shop.
 39410 | Vaults:3 | Gained mutation: You are completely covered in rugged brown scales. (AC +3, +7% HP) [demonic ancestry]
 39410 | Vaults:3 | Reached XP level 19. HP: 145/155 MP: 27/27
 39423 | Vaults:3 | Received a gift from Okawaru
 39990 | Vaults:3 | Received a gift from Okawaru
 40387 | Vaults:3 | Reached skill level 5 in Spellcasting
 40800 | Vaults:3 | Received a gift from Okawaru
 41815 | Vaults:4 | Noticed Sojobo
 41831 | Vaults:4 | Killed Sojobo
 41836 | Vaults:4 | Received a gift from Okawaru
 41971 | Vaults:4 | Received a gift from Okawaru
 42304 | Lair:1   | Learned a level 4 spell: Petrify
 42494 | Vaults:1 | Reached skill level 1 in Long Blades
 42783 | Vaults:4 | Gained mutation: Your magical and physical power is slightly enhanced at high health. [demonic ancestry]
 42783 | Vaults:4 | Reached XP level 20. HP: 111/162 MP: 31/31
 43484 | Vaults:4 | Received a gift from Okawaru
 43500 | Vaults:4 | Found Bipet's Antique Armour Emporium.
 44443 | Shoals:1 | Entered Level 1 of the Shoals
 44618 | Shoals:2 | Found a flickering gateway to a bazaar.
 44686 | Bazaar   | Entered a bazaar
 44704 | Bazaar   | Found Iluaj's Antique Armour Shoppe.
 44726 | Bazaar   | Found Kygit's Book Emporium.
 44741 | Bazaar   | Found Zujum's Distillery.
 44778 | Bazaar   | Bought a potion of might for 32 gold pieces
 44778 | Bazaar   | Bought a potion of curing for 24 gold pieces
 44778 | Bazaar   | Bought a potion of heal wounds for 40 gold pieces
 45086 | Shoals:3 | Received a gift from Okawaru
 45091 | Shoals:3 | Got slimy acid dragon scales {god gift}
 45211 | Shoals:4 | Entered Level 4 of the Shoals
 45213 | Shoals:4 | Noticed Ilsuiw
 45335 | Shoals:4 | Noticed Donald
 45352 | Shoals:4 | Killed Donald
 45463 | Shoals:4 | Identified the Handbook of Ashen Air
 45465 | Shoals:4 | Identified the +1 acid dragon scales "Zidyidid" {+Inv rCorr Int+4} (Okawaru gifted it to you on level 3 of the Shoals)
 45602 | Shoals:4 | Found Bom Hyhif's Gadget Shoppe.
 45735 | Shoals:4 | Killed Ilsuiw
 45739 | Shoals:4 | Reached skill level 10 in Spellcasting
 46045 | Shoals:4 | Reached skill level 10 in Armour
 46067 | Shoals:4 | Reached skill level 5 in Long Blades
 46196 | Shoals:4 | Got a barnacled rune of Zot
 46579 | Shoals:4 | Noticed Jorgrun
 46590 | Shoals:4 | Killed Jorgrun
 46595 | Shoals:4 | Reached XP level 21. HP: 133/169 MP: 35/35
 47017 | Shoals:3 | Received a gift from Okawaru
 47745 | Shoals:2 | Identified the Grimoire of Damaging Flight
 47753 | Shoals:2 | Learned a level 4 spell: Iskenderun's Mystic Blast
 47898 | Shoals:1 | Found Kuitwuq's Jewellery Shoppe.
 48673 | Lair:1   | Learned a level 5 spell: Fireball
 48886 | Orc:2    | Reached skill level 1 in Fire Magic
 49067 | Elf:1    | Found Vuirgh's Jewellery Shoppe.
 49569 | Elf:1    | Identified the Collected Works on Battle Magic
 49577 | Elf:1    | Learned a level 5 spell: Bolt of Magma
 50093 | Elf:2    | Noticed Louise
 50094 | Elf:2    | Noticed Asterion
 50109 | Elf:1    | Killed Louise
 50252 | Elf:2    | Killed Asterion
 50464 | Elf:2    | Received a gift from Okawaru
 50802 | Elf:2    | Found a runed gate.
 50802 | Elf:2    | Found a runed gate.
 50803 | Elf:2    | Found a runed gate.
 50843 | Elf:3    | Entered Level 3 of the Elven Halls
 51044 | Elf:3    | Noticed Roxanne
 51049 | Elf:3    | Killed Roxanne
 51285 | Elf:3    | Noticed Saint Roka
 51346 | Elf:3    | Killed Saint Roka
 51993 | Elf:3    | Received a gift from Okawaru
 52197 | Elf:3    | Noticed Bai Suzhen
 52354 | Elf:3    | Killed Bai Suzhen
 52361 | Elf:3    | what the crap
 52523 | Elf:3    | Gained mutation: Your magical and physical power is enhanced at high health. [demonic ancestry]
 52523 | Elf:3    | Reached XP level 22. HP: 178/178 MP: 37/37
 52733 | Elf:3    | Learned a level 6 spell: Iron Shot
 52785 | Elf:3    | Identified the Collected Works on Attacks and the Volcanoes
 52806 | Elf:3    | Got a shimmering chain mail
 52807 | Elf:3    | Identified the +0 chain mail of the Depths {rElec} (You found it on level 3 of the Elven Halls)
 53823 | Crypt:1  | Entered Level 1 of the Crypt
 53830 | Crypt:1  | Reached skill level 5 in Fire Magic
 53972 | Crypt:1  | Reached skill level 15 in Earth Magic
 54119 | Crypt:1  | Found a basalt altar of Yredelemnul.
 54505 | Crypt:1  | Noticed Margery
 54519 | Crypt:1  | Received a gift from Okawaru
 54541 | Crypt:1  | Killed Margery
 55019 | Crypt:2  | Noticed Xtahua
 55082 | Crypt:2  | HP: 3/180 [Xtahua/searing blast (97)]
 55087 | Crypt:2  | whoops
 55096 | Crypt:2  | Killed Xtahua
 55096 | Crypt:2  | Reached skill level 10 in Conjurations
 55719 | Crypt:3  | Entered Level 3 of the Crypt
 56276 | Crypt:3  | Received a gift from Okawaru
 56766 | Crypt:3  | Noticed an ancient lich
 56767 | Crypt:3  | Noticed an ancient lich
 56798 | Crypt:3  | Killed an ancient lich
 56814 | Crypt:3  | Killed an ancient lich
 56882 | Crypt:3  | Reached XP level 23. HP: 190/190 MP: 10/38
 57571 | Orc:2    | It's the shield of the gong, it's impossible to not use it
 57571 | Orc:2    | Bought the +18 shield of the Gong {rElec rN+ MR+ EV-5} for 2919 gold pieces
 58250 | Crypt:3  | Found an ancient bone altar of Kikubaaqudgha.
 58260 | Crypt:3  | Received a gift from Okawaru
 58642 | Crypt:3  | Received a gift from Okawaru
 58783 | Crypt:3  | Found a staircase to the Tomb.
 59483 | Lair:1   | Upgraded the game from 0.20-a0-537-g052e6ba to 0.20-a0-540-ge6d1839
 59674 | Depths:1 | Entered Level 1 of the Depths
 60134 | Depths:1 | Found a white marble altar of Elyvilon.
 60188 | Depths:1 | Found a gateway to Hell.
 60375 | Depths:1 | Found a gateway to a ziggurat.
 60836 | Depths:2 | Reached skill level 10 in Long Blades
 61228 | Depths:2 | Found a white marble altar of Elyvilon.
 61443 | Depths:2 | Noticed a caustic shrike
 61447 | Depths:2 | Noticed a caustic shrike
 61448 | Depths:2 | Noticed a caustic shrike
 61455 | Depths:2 | Noticed a caustic shrike
 61573 | Depths:2 | Received a gift from Okawaru
 61646 | Depths:2 | Reached skill level 15 in Fighting
 61890 | Depths:2 | Found a stormy altar of Qazlal.
 62327 | Depths:2 | Gained mutation: You are significantly more attuned to the shadows. [demonic ancestry]
 62327 | Depths:2 | Reached XP level 24. HP: 135/201 MP: 17/38
 62545 | Depths:2 | Found a glowing silver altar of Zin.
 62610 | Depths:2 | Got a heavily runed lead ring
 62745 | Depths:2 | Identified the ring of Freedom {rF+ rN+++ Str-3 Int+3 SInv} (You took it off a tengu warrior on level 2 of the Depths)
 62764 | Depths:2 | Found a blossoming altar of Fedhas.
 63039 | Depths:2 | Got a spiked cloak
 63040 | Depths:2 | Identified the +0 cloak of Refuge {rPois rF- Regen+ Dex+3} (You found it on level 2 of the Depths)
 63072 | Depths:2 | Reached skill level 15 in Conjurations
 63176 | Depths:2 | Received a gift from Okawaru
 63216 | Depths:2 | Learned a level 3 spell: Regeneration
 64290 | Depths:3 | Noticed HallandMoats's ghost (veteran MiFi)
 64309 | Depths:3 | Killed HallandMoats's ghost
 64559 | Depths:3 | Found a one-way gate leading to the halls of Pandemonium.
 64562 | Depths:3 | Received a gift from Okawaru
 64670 | Depths:3 | Found a one-way gate to the infinite horrors of the Abyss.
 64834 | Depths:3 | Voluntarily entered the Abyss.
 64835 | Abyss:1  | Found a corrupted altar of Lugonu.
 65053 | Abyss:2  | Found a shimmering altar of Xom.
 65054 | Abyss:2  | Found a shimmering altar of Xom.
 65054 | Abyss:2  | Found a shimmering altar of Xom.
 65054 | Abyss:2  | Found a shimmering altar of Xom.
 65055 | Abyss:2  | Found a shimmering altar of Xom.
 65055 | Abyss:2  | Found a shimmering altar of Xom.
 65063 | Abyss:2  | Found a corrupted altar of Lugonu.
 65063 | Abyss:2  | Found a shimmering altar of Xom.
 65063 | Abyss:2  | Found a shimmering altar of Xom.
 65064 | Abyss:2  | Found a shimmering altar of Xom.
 65064 | Abyss:2  | Found a shimmering altar of Xom.
 65065 | Abyss:2  | Found a shimmering altar of Xom.
 65065 | Abyss:2  | Found a shimmering altar of Xom.
 65065 | Abyss:2  | Found a shimmering altar of Xom.
 65066 | Abyss:2  | Found a shimmering altar of Xom.
 65066 | Abyss:2  | Found a shimmering altar of Xom.
 65163 | Abyss:3  | Found a corrupted altar of Lugonu.
 65918 | Abyss:3  | Got an abyssal rune of Zot
 65952 | Abyss:3  | Gained mutation: You frequently emit foul miasma when damaged in melee. [demonic ancestry]
 65952 | Abyss:3  | Reached XP level 25. HP: 212/212 MP: 39/39
 66008 | Depths:3 | Escaped the Abyss
 66208 | Vaults:5 | Entered Level 5 of the Vaults
 66620 | Vaults:5 | Received a gift from Okawaru
 66754 | Vaults:5 | Learned a level 2 spell: Blink
 67046 | Vaults:5 | Reached skill level 1 in Translocations
 67150 | Vaults:5 | Noticed an ancient lich
 67158 | Vaults:5 | Killed an ancient lich
 67158 | Vaults:5 | Received a gift from Okawaru
 67753 | Vaults:5 | Identified Sif Muna's Collected Works on Captivating Evil Arts
 67808 | Vaults:5 | Got a scorched bone ring
 67824 | Vaults:5 | Learned a level 3 spell: Spectral Weapon
 67826 | Vaults:5 | Got a silver rune of Zot
 67892 | Vaults:5 | Received a gift from Okawaru
 67893 | Vaults:5 | Got a scorched rapier {god gift}
 67894 | Vaults:5 | Identified the +5 rapier of the Vaults {elec, +Fly rN++} (Okawaru gifted it to you on level 5 of the Vaults)
 67895 | Vaults:5 | Identified the ring of Nebeinai {+Blink Str+3 Int+6} (You took it off a yaktaur captain on level 5 of the Vaults)
 67996 | Vaults:5 | Gained mutation: Your magical and physical power is greatly enhanced at high health. [demonic ancestry]
 67996 | Vaults:5 | Reached XP level 26. HP: 190/224 MP: 41/41
 68175 | Vaults:5 | Identified the Papyrus of the Glacier
 68180 | Vaults:5 | Got a dazzling crystal plate armour
 68181 | Vaults:5 | Identified the +5 crystal plate armour of Kiots {+Fly} (You found it on level 5 of the Vaults)
 68235 | Vaults:5 | Noticed an ancient lich
 68255 | Vaults:5 | Killed an ancient lich
 68693 | Vaults:5 | Learned a level 6 spell: Bolt of Fire
 69304 | Depths:3 | Got a distressingly furry plate armour {god gift}
 69305 | Depths:3 | Identified the +1 plate armour of Classification {*Slow +Blink Str-5 Dex+10} (Okawaru gifted it to you on level 3 of the Depths)
 69639 | Elf:3    | Got an amethyst-encrusted ring mail {god gift}
 69640 | Elf:3    | Identified the +1 ring mail of Liberty {rC+} (Okawaru gifted it to you on level 3 of the Elven Halls)
 69959 | Vaults:5 | Got a smelly ring mail
 69960 | Vaults:5 | Identified the +3 ring mail "Ipag" {MR- Dex+9} (You found it on level 5 of the Vaults)
 70110 | D:15     | Upgraded the game from 0.20-a0-540-ge6d1839 to 0.20-a0-544-g2b9a704
 70371 | D:4      | Bought a runed cloak for 315 gold pieces
 70381 | D:4      | Bought a runed cloak for 315 gold pieces
 70675 | Elf:3    | Got a steaming leather armour
 70676 | Elf:3    | Identified the +0 leather armour "Okhit" {rC+} (You took it off a deep elf demonologist on level 3 of the Elven Halls)
 71043 | Vaults:4 | Received a gift from Okawaru
 71055 | Vaults:4 | Bought a transparent ring mail for 360 gold pieces
 71055 | Vaults:4 | Identified the +2 ring mail of Bedevilment {rElec Int+4 SInv} (You bought it in a shop on level 4 of the Vaults)
 71056 | Vaults:4 | Bought a translucent leather armour for 280 gold pieces
 71056 | Vaults:4 | Identified the +6 leather armour "Afekkyos" {rN+ MR- Slay+2} (You bought it in a shop on level 4 of the Vaults)
 71682 | Depths:4 | Noticed Frederick
 71693 | Depths:4 | Killed Frederick
 71697 | Depths:4 | Received a gift from Okawaru
 72685 | Depths:5 | Entered Level 5 of the Depths
 72687 | Depths:5 | Reached skill level 15 in Spellcasting
 72698 | Depths:5 | Noticed Mennas
 73062 | Depths:5 | Killed Mennas
 73173 | Depths:5 | Received a gift from Okawaru
 73174 | Depths:5 | Got a smoking long sword {god gift}
 73175 | Depths:5 | Identified the +9 long sword of Yesterday {chaos, SInv} (Okawaru gifted it to you on level 5 of the Depths)
 73292 | Depths:5 | Gained mutation: You are completely attuned to the shadows. [demonic ancestry]
 73292 | Depths:5 | Reached XP level 27. HP: 208/234 MP: 36/42
 73506 | Depths:5 | Found a gate to the Realm of Zot.
 73774 | Depths:5 | Reached skill level 10 in Fire Magic
 74192 | Zot:1    | Entered Level 1 of the Realm of Zot
 74283 | Zot:1    | Received a gift from Okawaru
 74940 | Zot:2    | Reached skill level 10 in Stealth
 75131 | Zot:2    | Received a gift from Okawaru
 75151 | Zot:2    | Upgraded the game from 0.20-a0-544-g2b9a704 to 0.20-a0-555-gf6ae02d
 75552 | Zot:2    | Noticed an orb of fire
 75553 | Zot:2    | Gained mutation: You are frail. (-10% HP) [an orb of fire]
 75564 | Zot:2    | Gained mutation: You are agile. (Dex +2) [an orb of fire]
 75570 | Zot:2    | Lost mutation: You are frail. (-10% HP) [an orb of fire]
 75572 | Zot:2    | Noticed an orb of fire
 75587 | Zot:2    | Gained mutation: Your body sometimes deteriorates upon taking damage. [an orb of fire]
 75588 | Zot:2    | Gained mutation: You expend magic power (3 MP) to strengthen your wands. [an orb of fire]
 76008 | Lair:1   | Lost mutation: Your muscles are strong. (Str +2) [potion of cure mutation]
 76008 | Lair:1   | Lost mutation: Your body sometimes deteriorates upon taking damage. [potion of cure mutation]
 76008 | Lair:1   | Lost mutation: You are agile. (Dex +2) [potion of cure mutation]
 76008 | Lair:1   | Lost mutation: You expend magic power (3 MP) to strengthen your wands. [potion of cure mutation]
 76128 | Slime:1  | Entered Level 1 of the Pits of Slime
 76132 | Slime:2  | Noticed Dissolution
 76146 | Slime:1  | Killed Dissolution
 76380 | Slime:3  | Gained mutation: Your spells are a little easier to cast, but a little less powerful. [a shining eye]
 76683 | Slime:5  | Entered Level 5 of the Pits of Slime
 76819 | Slime:5  | Received a gift from Okawaru
 77088 | Slime:5  | Noticed the Royal Jelly
 77143 | Slime:5  | Found a viscous altar of Jiyva.
 77295 | Slime:5  | Killed the Royal Jelly
 77346 | Slime:5  | Got an ichor-stained scale mail
 77347 | Slime:5  | Identified the cursed +0 scale mail "Naysocko" {MR+ Str+3 Dex+3} (You found it on level 5 of the Pits of Slime)
 77367 | Slime:5  | Got a steaming ring mail
 77368 | Slime:5  | Identified the cursed +0 ring mail of New Discoveries {rN+ Int+2 Slay+3} (You found it on level 5 of the Pits of Slime)
 77383 | Slime:5  | Identified Jytwo's Volume of Summoning
 77393 | Slime:5  | Learned a level 1 spell: Summon Butterflies
 77401 | Slime:5  | Got a slimy rune of Zot
 77430 | Slime:5  | Identified the Incunabulum of Boosting Ice
 77450 | Slime:5  | Identified Ifuwastesah's Grimoire of Torrid Confrontation
 77936 | Hell     | Entered the Vestibule of Hell
 77936 | Hell     | Noticed Geryon
 78141 | Zot:2    | Killed an orb of fire
 78342 | Zot:2    | Noticed an orb of fire
 78370 | Zot:2    | Gained mutation: You are clumsy. (Dex -2) [an orb of fire]
 78383 | Zot:2    | Killed an orb of fire
 78391 | Zot:2    | dang it
 78393 | Zot:2    | Gained mutation: You are very clumsy. (Dex -4) [an orb of fire]
 78398 | Zot:2    | Gained mutation: Scrolls take you a little longer to read. [an orb of fire]
 78404 | Zot:2    | Gained mutation: Your body sometimes deteriorates upon taking damage. [an orb of fire]
 78431 | Zot:2    | Killed an orb of fire
 78506 | Zot:2    | Lost mutation: Your body sometimes deteriorates upon taking damage. [potion of cure mutation]
 78506 | Zot:2    | Lost mutation: You are very clumsy. (Dex -4) [potion of cure mutation]
 78506 | Zot:2    | Lost mutation: Your spells are a little easier to cast, but a little less powerful. [potion of cure mutation]
 78506 | Zot:2    | Lost mutation: Scrolls take you a little longer to read. [potion of cure mutation]
 78506 | Zot:2    | Lost mutation: You are clumsy. (Dex -2) [potion of cure mutation]
 78704 | Zot:3    | Upgraded the game from 0.20-a0-555-gf6ae02d to 0.20-a0-556-g892c87b
 79274 | Zot:4    | Received a gift from Okawaru
 79795 | Zot:5    | Entered Level 5 of the Realm of Zot
 79950 | Zot:5    | Learned a level 9 spell: Shatter
 80457 | Zot:5    | Noticed an ancient lich
 80466 | Zot:5    | Killed an ancient lich
 80526 | Zot:5    | Noticed an orb of fire
 80528 | Zot:5    | Noticed an orb of fire
 80576 | Zot:5    | Noticed an ancient lich
 80578 | Zot:5    | Gained mutation: Armour fits poorly on your strangely shaped body. [an orb of fire]
 80597 | Zot:5    | Killed an orb of fire
 80611 | Zot:5    | Killed an orb of fire
 80621 | Zot:5    | Killed an ancient lich
 80621 | Zot:5    | Received a gift from Okawaru
 80760 | Zot:5    | Noticed an orb of fire
 80764 | Zot:5    | Gained mutation: You tend to lose your temper in combat. [an orb of fire]
 80784 | Zot:5    | Gained mutation: Your muscles are strong. (Str +2) [an orb of fire]
 80797 | Zot:5    | Killed an orb of fire
 80993 | Zot:5    | Noticed an orb of fire
 81013 | Zot:5    | Gained mutation: Your body sometimes deteriorates upon taking damage. [an orb of fire]
 81017 | Zot:5    | Killed an orb of fire
 81075 | Zot:5    | Noticed an ancient lich
 81084 | Zot:5    | Noticed an ancient lich
 81086 | Zot:5    | Killed an ancient lich
 81090 | Zot:5    | Killed an ancient lich
 81090 | Zot:5    | Received a gift from Okawaru
 81185 | Zot:5    | Received a gift from Okawaru
 81420 | Zot:5    | Noticed an orb of fire
 81446 | Zot:5    | Killed an orb of fire
 81561 | Zot:5    | Got the Orb of Zot
 81607 | Zot:5    | Noticed an ancient lich
 82020 | D:3      | Noticed Doteledaeps the pandemonium lord
 82031 | D:3      | Killed Doteledaeps the pandemonium lord
 82176 | D:$      | Escaped with the Orb!

Vault maps used:
D:1:      dpeg_arrival_rooms_with_view
D:2:      old_standard_altar, old_standard_altar, serial_glass, glass_columns_c,
          glass_columns_b
D:3:      lemuel_upstairs_altar, uniq_crazy_yiuf_cottage
D:4:      overflow_temple_1_default, marbit_many_paths, serial_shops, shop,
          first_bread, fedhas_bush_and_centaur_altar, uniq_natasha
D:5:      minmay_opposing_rooms, kennysheep_little_box, serial_shops, shop,
          uniq_pikel, uniq_sigmund, uniq_duvessa
D:7:      kennysheep_vampire_church, temple_statues, kennysheep_generic_room_10
D:8:      minmay_flawed_box, nicolae_overflow_crystal_walls, old_standard_altar,
          uniq_joseph, uniq_grum
D:9:      overflow_temple_1_default, dancing_weapons_uskayaw,
          kennysheep_mini_moat, lair_entry_dummy, serial_shops, shop, shop,
          shop_statue, special_room
D:10:     cheibrodos_frozen_isle, serial_shops, shop
D:11:     erik_orc_2, nicolae_trove_entry_free_sample, uniq_erica, uniq_sonja,
          uniq_maurice
D:12:     the_bakery, spider_trap
D:13:     serial_shops, kennysheep_mini, minmay_sticks_and_stones, uniq_rupert,
          uniq_erolcha
D:14:     lightli_vaults_fourway_checkpoint, special_room,
          hangedman_decor_diamond_cutter
D:15:     hangedman_depths_entry_try_elsewhere_first, grunt_decor_mini_mirrors,
          minmay_misc_feat_secret_circle, grunt_ministairs_8
Temple:   cyrus_temple_forest
Lair:1:   kb_xom_exploding_sheep, grunt_megastairs_4
Lair:2:   minmay_snake_entry_guardpost_small, grunt_forest_large_clearing_hut,
          infiniplex_staircase_pool_2, grunt_megastairs_3
Lair:3:   elwin_shoals_entry_rooms
Lair:4:   enter_volcano_2, uniq_nessos, uniq_urug
Lair:5:   minmay_slime_entry_jelly_boxes, basic_altar, serial_bayou,
          serial_bayou_pond_c, serial_bayou_pond_b, serial_bayou_shore_b,
          serial_bayou_lake_a, serial_bayou_shore_b, kennysheep_snail_temple,
          serial_bayou_shore_b, lemuel_fruit_fields
Lair:6:   minmay_lair_end_frog_pond
Shoals:1: serial_shops, nicolae_shop_trees
Shoals:2: serial_shops, bzr_entry_safe, nicolae_shoals_dead_sea_scrolls
Shoals:3: nicolae_shoals_mertower
Shoals:4: shoals_end_hangedman, shoals_ilsuiw_ice, serial_shops,
          nicolae_shop_statue_plus, uniq_jorgrun, uniq_donald
Snake:1:  serial_bayou_pond_a, st_stairs_6
Snake:2:  statue_in_the_mist_lemuel
Snake:3:  st_stairs_10, nrook_loot_triangle, hangedman_snake_corridor_split
Snake:4:  snake_pit, grunt_ministairs_1
Slime:2:  dissolution_awaits
Slime:3:  nicolae_slime_phagocytosis
Orc:1:    nicolae_alphabet_shops
Orc:2:    grunt_orc_community_town_hall, grunt_orc_community_big_house_2,
          grunt_orc_community_big_house_1, grunt_orc_community_house_2,
          grunt_orc_community_house_3, grunt_orc_community_house_2,
          grunt_orc_community_house_2, grunt_orc_community_house_3,
          serial_shops, shop, abandoned_shop
Elf:1:    elf_arrival_002, serial_shops, nicolae_shop_crystal,
          minmay_elf_annihilation, st_stairs_9
Elf:2:    hangedman_elf_power_crystal, hangedman_elven_pyramids,
          grunt_ministairs_1, minmay_misc_feat_cross, uniq_asterion, uniq_louise
Elf:3:    elf_hall, moated_statue, uniq_saint_roka, uniq_roxanne,
          uniq_bai_suzhen
Vaults:1: vaults_room_grunt_arrival_ludios, nicolae_vaults_big_ls,
          nicolae_vaults_network_quinsquares, v_misc_1,
          nicolae_vaults_network_periphery, nicolae_vaults_big_angled_halls,
          v_misc_19, grunt_vaults_hallway_long, vaults_dpeg_hooks,
          ontoclasm_vaults_misaligned, nicolae_vaults_theta, grunt_vaults_focal,
          vaults_standard_mumra_enter_the_diamond,
          ontoclasm_vaults_decontamination, serial_shops, shop
Vaults:2: v_misc_13, v_rooms_3, vaults_room_mumra_shop_pool, v_pattern_1,
          grunt_vaults_twisty, hangedman_vaults_nodes, nicolae_vaults_alarming,
          minmay_crypt_entry_skeletal_spiral, uniq_sojobo
Vaults:3: nicolae_vaults_mini_display_case, v_misc_10,
          nicolae_vaults_holding_cells, hangedman_vaults_hat, v_misc_3,
          nicolae_vaults_network_s, vaults_standard_mumra_x,
          ontoclasm_vaults_loading_screen, nicolae_vaults_little_squares_4,
          serial_shops, shop
Vaults:4: hangedman_vaults_snaps, grunt_vaults_hallway_long,
          vaults_dpeg_encased_lava, v_pattern_2,
          dpeg_vaults_pockets_of_resistance, nicolae_vaults_ninety_degrees,
          vaults_room_semicircle, hangedman_vaults_restitches,
          ontoclasm_vaults_loading_screen, hangedman_vaults_capsules,
          serial_shops, shop
Crypt:1:  st_stairs_6, lemuel_mausoleum_altar_yredelemnul, uniq_margery
Crypt:2:  uniq_xtahua
Crypt:3:  evilmike_haunted_forest
Depths:1: enter_ziggurat_f, pf_coc_iceberg, old_standard_altar,
          roderic_cross_of_infinity, serial_sigils_hangedman_etch,
          minmay_misc_feat_room, lightli_corner_chamber
Depths:2: grunt_profane_halls, hell_entry
Depths:3: minmay_curly_fans, abyss_entry_small_statue_room,
          hangedman_tar_grid_catacomb, roderic_roman_lattice,
          rand_demon_pan_entry_1, minivault_14, minmay_misc_feat_columns,
          infiniplex_staircase_pool_lava
Depths:4: minmay_glassy_protrusions, grunt_metal_band, hangedman_glass_teeth,
          abyss_entry, pan_entry, grunt_megastairs_2,
          infiniplex_staircase_zigzag_4, serial_bayou_shore_a, uniq_frederick
Depths:5: grunt_zot_entry_alcove, hellmouth_1, pan_entry, dk_noncrumbling_3,
          uniq_mennas
Zot:1:    kennysheep_six_static_rooms
Zot:3:    lemuel_baited_zot_trap
Zot:4:    grunt_ministairs_9
Abyss:1:  evilmike_abyss_exit_smiterflies
Abyss:2:  minivault_5
Abyss:3:  patterned_corridor, evilmike_abyss_exit_10
Bazaar:   bazaar_short_row
Trove:    trove_garden
Volcano:  pf_volcano_lost_world

Skill      XL: |  1  2  3  4  5  6  7  8  9 10 11 12 13 14 15 16 17 18 19 20 21 22 23 24 25 26 27 |
---------------+----------------------------------------------------------------------------------+-----
Short Blades   | 1 2 3 4 5 6 7 9 10 12 13 14 | 14.1
Armour         | 2 4 5 6 7 8 9 10 11 | 11.6
Spellcasting   | 1 2 3 4 7 10 11 12 14 15 18 | 18.3
Evocations     | 4 5 6 7 9 10 11 | 11.7
Invocations    | 2 4 7 10 | 10.7
Fighting       | 2 4 5 8 10 11 12 14 15 16 17 18 21 | 21.1
Necromancy     | 2 3 5 |  5.0
Shields        | 3 5 8 11 13 14 15 | 15.0
Dodging        | 2 5 6 7 |  7.4
Conjurations   | 3 6 7 8 11 14 15 | 15.8
Earth Magic    | 3 6 8 9 10 11 13 14 15 16 17 18 19 21 | 21.4
Stealth        | 5 7 8 9 12 | 12.2
Long Blades    | 2 5 7 9 10 12 13 14 | 14.1
Fire Magic     | 4 6 8 9 12 | 12.9
Translocations | 3 4 |  4.2

Action                   |  1- 3 |  4- 6 |  7- 9 | 10-12 | 13-15 | 16-18 | 19-21 | 22-24 | 25-27 || total
-------------------------+-------+-------+-------+-------+-------+-------+-------+-------+-------++-------
Melee: Short sword       |   178 |   174 |   386 |   844 |  1887 |  2048 |       |       |       ||  5517
       Kick              |    23 |    41 |   105 |   418 |  1189 |  1457 |   646 |   841 |  1018 ||  5738
       Quick blade       |       |       |       |       |   506 |   244 |       |       |       ||   750
       Rapier            |       |       |       |       |       |   129 |  1367 |  1791 |   591 ||  3878
       Double sword      |       |       |       |       |       |       |       |    20 |  1481 ||  1501
 Cast: Animate Skeleton  |       |       |       |    34 |   130 |   114 |   135 |    91 |   107 ||   611
       Stone Arrow       |       |       |       |     5 |   104 |   116 |    99 |   107 |    78 ||   509
       Lee's Rapid Decon |       |       |       |       |       |    10 |   133 |    64 |    59 ||   266
       Petrify           |       |       |       |       |       |       |     7 |       |       ||     7
       Iskenderun's Myst |       |       |       |       |       |       |     2 |     3 |       ||     5
       Bolt of Magma     |       |       |       |       |       |       |     1 |    26 |     7 ||    34
       Iron Shot         |       |       |       |       |       |       |       |    21 |    58 ||    79
       Sticky Flame      |       |       |       |       |       |       |       |     3 |       ||     3
       Fireball          |       |       |       |       |       |       |       |    22 |    17 ||    39
       Regeneration      |       |       |       |       |       |       |       |     7 |    71 ||    78
       Bolt of Fire      |       |       |       |       |       |       |       |       |     2 ||     2
       Summon Butterflie |       |       |       |       |       |       |       |       |     1 ||     1
       Spectral Weapon   |       |       |       |       |       |       |       |       |     1 ||     1
Invok: Heroism           |       |       |     1 |     4 |    10 |    10 |    12 |     7 |    26 ||    70
       Finesse           |       |       |       |     1 |     2 |     2 |     3 |     1 |    13 ||    22
 Abil: Evoke Flight      |       |       |       |       |       |       |    12 |     3 |     1 ||    16
Evoke: Wand              |       |     9 |    21 |    13 |    12 |     8 |     2 |     2 |    11 ||    78
       Phial of floods   |       |       |       |       |       |     2 |     1 |       |     1 ||     4
       Lightning rod     |       |       |       |       |       |       |       |       |     3 ||     3
       Box of beasts     |       |       |       |       |       |       |       |       |     2 ||     2
       Lamp of fire      |       |       |       |       |       |       |       |       |     1 ||     1
  Use: Scroll            |     8 |     5 |     9 |    12 |    16 |    10 |     6 |    16 |    33 ||   115
       Potion            |       |     1 |     1 |     4 |     4 |     1 |     3 |     3 |    27 ||    44
 Stab: Sleeping          |       |       |     1 |     2 |     6 |    22 |    16 |    15 |    36 ||    98
       Confused          |       |       |       |     1 |       |       |       |       |       ||     1
       Distracted        |       |       |       |     3 |    17 |    15 |    15 |    15 |    14 ||    79
  Eat: Bread ration      |     1 |       |       |       |       |     2 |       |     2 |     2 ||     7
       Chunk             |     3 |     7 |    14 |    20 |    54 |    37 |    72 |    47 |    54 ||   308
       Meat ration       |       |       |       |       |     2 |       |       |     1 |     2 ||     5
       Royal jelly       |       |       |       |       |     1 |     1 |       |       |       ||     2
       Fruit             |       |       |       |       |       |     1 |     1 |     6 |     3 ||    11
Armor: Leather armour    |    29 |       |     7 |   159 |   314 |    81 |       |       |       ||   590
       Ring mail         |    18 |    55 |    28 |       |       |       |       |       |       ||   101
       Chain mail        |       |       |    82 |       |       |       |       |       |       ||    82
       Scale mail        |       |       |       |       |       |   241 |   261 |   368 |   492 ||  1362
Dodge: Dodged            |    93 |   110 |   113 |   239 |   505 |   465 |   299 |   327 |   485 ||  2636
Block: Buckler           |       |       |       |   108 |   120 |       |       |       |       ||   228
       Shield            |       |       |       |       |   548 |   955 |   547 |   908 |  1147 ||  4105
       Rpst.: Double sword |       |       |       |       |       |       |       |       |    57 ||    57
